 Dungeon Crawl Stone Soup version 0.26-a0-28-gc929df5 (webtiles) character file.

Game seed: 17486726041940690027, levelgen mode: deterministic

183688 thirtiethelement the Corrupter of Planes (level 18, -22/143 HPs)
             Began as a Gnoll Abyssal Knight on May 27, 2020.
             Was the Champion of Lugonu.
             Annihilated by a vault warden
             ... wielding a +0 dire flail
              (26 damage)
             ... on level 1 of the Vaults.
             The game lasted 02:02:59 (37800 turns).

thirtiethelement the Corrupter of Planes (GnAK)    Turns: 37800, Time: 02:02:59

Health: -22/143    AC: 46    Str: 22    XL:     18   Next: 0%
Magic:  33/33      EV: 13    Int: 23    God:    Lugonu [******]
Gold:   1760       SH:  5    Dex: 14    Spells: 34/40 levels left

rFire    . . .     SeeInvis .   H - +9 great sword (distort)
rCold    + . .     Gourm    .   (shield currently unavailable)
rNeg     . . .     Faith    .   v - +14 plate armour of the Grue {rPois Int+7 Dex-2 Stlth+}
rPois    +         Spirit   .   U - +2 helmet
rElec    +         Reflect  +   q - +2 cloak
rCorr    .         Harm     .   e - +1 pair of gloves
MR       +....                  I - +2 pair of boots {run}
Stlth    ++........             f - amulet of reflection
HPRegen  0.33/turn              y - ring of protection from cold
MPRegen  0.23/turn              k - +4 ring of protection

@: marked, hasted, very quick
A: distributed training, fangs 1, electricity resistance, strong 1, wild magic
1, strong nose
}: 1/15 runes: gossamer
a: Depart the Abyss, Bend Space, Banish, Corrupt, Enter the Abyss, Renounce
Religion


You were on level 1 of the Vaults.
You worshipped Lugonu.
Lugonu was exalted by your worship.
You were not hungry.

You visited 6 branches of the dungeon, and saw 27 of its levels.
You visited the Abyss 1 time.
You also visited: Ossuary.

You collected 2600 gold pieces.
You spent 840 gold pieces at shops.

Inventory:

Hand Weapons
 H - a +9 great sword of distortion (weapon)
 V - the +11 hand crossbow of Dishonour {elec, MR+ Str+6}
   (You took it off a crimson imp on level 13 of the Dungeon)

   It charges the ammunition it shoots with electricity; occasionally upon a
   hit, such missiles may discharge and cause terrible harm.
   It affects your strength (+6).
   It affects your resistance to hostile enchantments.
Missiles
 O - 18 boomerangs (quivered)
Armour
 e - a +1 pair of gloves (worn)
 q - a +2 cloak (worn)
 v - the +14 plate armour of the Grue (worn) {rPois Int+7 Dex-2 Stlth+}
   (You acquired it on level 1 of the Orcish Mines)

   It affects your intelligence (+7).
   It affects your dexterity (-2).
   It protects you from poison.
   It makes you more stealthy.
 I - a +2 pair of boots of running (worn)
 U - a +2 helmet (worn)
Jewellery
 a - an uncursed ring of protection from fire
 f - an amulet of reflection (around neck)
 k - a +4 ring of protection (right hand)
 r - the ring "Inouh" {Fire Str+3}
   (You found it on level 1 of the Spider Nest)

   [ring of fire]

   It enhances your fire magic.
   It affects your strength (+3).
   It protects you from fire.
   It makes you vulnerable to cold.
 y - a ring of protection from cold (left hand)
 z - an uncursed amulet of faith {unknown}
 B - an uncursed ring of protection from magic
 P - an uncursed ring of magical power
 S - an uncursed amulet of magic regeneration
 X - an uncursed ring of flight
Wands
 n - a wand of polymorph (27)
 x - a wand of acid (8)
 C - a wand of iceblast (3)
 D - a wand of digging (6)
 K - a wand of random effects (47)
 N - a wand of paralysis (10)
 Q - a wand of clouds (11)
Scrolls
 b - 6 scrolls of magic mapping
 g - 15 scrolls of remove curse
 s - 6 scrolls of teleportation
 u - a scroll of identify
 T - 4 scrolls of amnesia
 Y - 4 scrolls of enchant weapon
Potions
 h - 4 potions of resistance
 i - 3 potions of invisibility
 j - 17 potions of curing
 l - 5 potions of might
 m - 4 potions of cancellation
 o - 4 potions of magic
 p - a potion of berserk rage
 t - a potion of flight
 w - a potion of heal wounds
 J - a potion of haste
 L - 7 potions of ambrosia
Miscellaneous
 d - a phial of floods
 Z - a tin of tremorstones (1/3)
Comestibles
 c - 31 rations


   Skills:
 + Level 13.1 Fighting
 + Level 11.7 Short Blades
 + Level 11.7 Long Blades
 + Level 12.4 Axes
 + Level 11.7 Maces & Flails
 + Level 11.7 Polearms
 + Level 11.7 Staves
 + Level 11.7 Slings
 + Level 11.7 Bows
 + Level 11.7 Crossbows
 + Level 11.7 Throwing
 + Level 12.4 Armour
 + Level 11.9 Dodging
 + Level 11.7 Stealth
 + Level 11.7 Shields
 + Level 11.7 Unarmed Combat
 + Level 11.7 Spellcasting
 + Level 10.0 Conjurations
 + Level 10.0 Hexes
 + Level 10.0 Charms
 + Level 10.0 Summonings
 + Level 10.0 Necromancy
 + Level 10.0 Translocations
 + Level 10.0 Transmutations
 + Level 10.0 Fire Magic
 + Level 10.0 Ice Magic
 + Level 10.0 Air Magic
 + Level 10.0 Earth Magic
 + Level 10.0 Poison Magic
 + Level 13.3 Invocations
 + Level 11.7 Evocations


You had 34 spell levels left.
You knew the following spells:

 Your Spells              Type           Power        Failure   Level  Hunger
a - Corpse Rot            Necr/Air       N/A          2%          2    None
b - Stone Arrow           Conj/Erth      ######       4%          3    None
c - Corona                Hex            ######.      1%          1    None

Your spell library contained the following spells:

 Spells                   Type           Power        Failure   Level  Hunger
 Animate Skeleton         Necr           N/A          1%          1    None
 Apportation              Tloc           ######       1%          1    None
 Pain                     Necr           ####         1%          1    None
 Summon Small Mammal      Summ           ####         1%          1    None
 Vampiric Draining        Necr           ######....   4%          3    None
 Animate Dead             Necr           N/A          13%         4    None
 Ice Form                 Ice/Tmut       ######..     13%         4    None
 Agony                    Necr           ######..     32%         5    ####...
 Metabolic Englaciation   Hex/Ice        ######....   32%         5    ####...
 Summon Forest            Summ/Tloc      ######....   32%         5    ####...
 Eringya's Noxious Bog    Tmut/Pois      ######....   86%         6    #####..
 Freezing Cloud           Conj/Ice/Air   ######....   86%         6    #####..
 Hydra Form               Tmut           ######....   86%         6    #####..
 Ozocubu's Refrigeration  Ice            ######....   86%         6    #####..
 Simulacrum               Ice/Necr       ######....   86%         6    #####..
 Summon Hydra             Summ           ######....   100%        7    #######


Dungeon Overview and Level Annotations

Branches:
Dungeon (13/15)            Temple (1/1) D:7            Lair (6/6) D:10
 Shoals (0/4) Lair:4       Spider (4/4) Lair:4        Slime (0/5) Lair:5
    Orc (2/2) D:12            Elf (0/3) Orc:2        Vaults (1/5) D:13
Ossuary (visited)

Altars:
Ashenzari
Cheibriados
Dithmenos
Elyvilon
Fedhas
Gozag
Hepliaklqana
Kikubaaqudgha
Makhleb
Nemelex Xobeh
Okawaru
Qazlal
Ru
Sif Muna
Trog
Uskayaw
Vehumet
Wu Jian
Xom
Yredelemnul
Zin
The Shining One
Beogh
Jiyva

Shops:
D:9 =   Orc:1 ?   Orc:2 (}*(

Annotations:
Abyss:1 Arachne, Asterion, Roxanne


Innate Abilities, Weirdness & Mutations

Your experience applies equally to all skills.
You have very sharp teeth.
Your uncanny sense of smell can sniff out nearby items.
You are resistant to electric shocks. (rElec)
Your muscles are strong. (Str +2)
Your spells are a little harder to cast, but a little more powerful.


Message History

The burst of rock shards engulfs the vault warden but does no damage.
The burst of rock shards engulfs the yaktaur!
The burst of rock shards engulfs you but does no damage.
The burst of rock shards engulfs the vault guard!
The burst of rock shards engulfs the vault warden but does no damage.
The burst of rock shards engulfs the yaktaur!!
You kill the yaktaur!
Lugonu accepts your kill.
You have reached level 18!
Your experience leads to an increase in your attributes!
Your base attributes are Str 19, Int 16, Dex 16.
Increase (S)trength, (I)ntelligence, or (D)exterity?
You feel stronger.
The burst of rock shards engulfs the vault sentinel!
The burst of rock shards engulfs the vault guard.
The ogre mage hits you but does no damage.
The ironbrand convoker casts a spell at the yaktaur.
The yaktaur seems to grow stronger.
The vault warden hits you with a +0 dire flail!!
You die...

#################################
.................................
................pp...............
................@O)..............
########........pp...............
...'...#.........cp..............
.#.#.#.#..........p..............
...#...#....########c.........###
.#.#####....#......#..........#
.......#....#......#..........#
.#.#.#.#....#......#.p........#
.....).#....#......#..........#


You could see 2 vault wardens, a vault guard (strong), an ogre mage (strong), a
vault sentinel (catching breath), 2 ironbrand convokers and 2 yaktaurs.

Vanquished Creatures
  A vault warden (Vaults:1)
  Louise (Spider:4)
  An emperor scorpion (Spider:4)
  2 ghost moths (Spider:4)
  2 ironheart preservers (Vaults:1)
  3 entropy weavers
  Nessos (D:12)
  The ghost of Midn8 the Grappler, a journeyman TrMo of Okawaru (Lair:3)
  4 spark wasps
  The ghost of Agrom the Destroyer, a journeyman DgCj (Lair:2)
  A yaktaur captain (Vaults:1)
  2 vault guards (Vaults:1)
  6 hydras
  A death knight (D:13)
  A merfolk avatar (Lair:6)
  2 dancing weapons (D:13)
  An ogre mage (Vaults:1)
  7 two-headed ogres
  A deep troll shaman (Vaults:1)
  An alligator (Vaults:1)
  Urug (D:10)
  3 orc high priests (Orc:2)
  A deep troll earth mage (Vaults:1)
  The ghost of HilariousDeathArtist the Conjurer, a novice DrVM of Vehumet (Lair:1)
  A skeletal warrior (D:13)
  2 sea snakes (Lair:6)
  3 unseen horrors
  6 deep trolls (Vaults:1)
  Pikel (D:8)
  A wizard (Vaults:1)
  An ironbrand convoker (Vaults:1)
  2 phantasmal warriors (D:13)
  3 orc sorcerers
  4 orc knights
  29 wolf spiders
  19 orb spiders
  A necromancer (Lair:4)
  The ghost of dialectric the Cudgeler, a novice DsFi of Trog (D:6)
  3 ugly things
  A cyclops (Vaults:1)
  A manticore (shapeshifter) (Vaults:1)
  A deep elf mage (D:13)
  3 moths of wrath
  7 black mambas
  10 elephants
  2 torpor snails
  2 gargoyles
  9 spiny frogs
  A rime drake (Lair:6)
  A vault sentinel (Vaults:1)
  8 demonic crawlers
  5 yaktaurs (Vaults:1)
  A kobold demonologist (D:13)
  13 komodo dragons
  2 trolls
  2 wind drakes (Lair:6)
  30 jumping spiders
  15 hornets
  A blink frog (shapeshifter) (Vaults:1)
  5 hippogriffs
  3 polar bears (Lair:6)
  11 slime creatures
  11 blink frogs
  A snapping turtle (Lair:4)
  5 dream sheep (Lair:6)
  75 redbacks
  40 tarantellas
  2 wraiths (Vaults:1)
  Sigmund (D:2)
  37 yaks
  2 fire bats (Lair:4)
  8 wyverns
  A human (D:7)
  4 hogs (D:7)
  4 hungry ghosts
  Edmund (D:6)
  5 wargs
  17 soldier ants (Spider:3)
  12 water moccasins
  The ghost of Snicker the Sneak, an amateur SpEn (D:3)
  5 porcupines
  20 orc warriors
  3 sky beasts
  13 ogres
  3 ice beasts
  An eye of draining (D:12)
  2 black bears
  3 phantoms
  5 wolves (Lair:2)
  4 boggarts (Vaults:1)
  11 centaurs
  16 crocodiles
  8 big kobolds
  11 bullfrogs
  3 gnoll sergeants
  A water moccasin zombie (D:7)
  6 scorpions
  A wyvern skeleton (D:13)
  A water moccasin skeleton (D:8)
  11 killer bees
  The ghost of mordus the Covered, a weakling DsFi (D:3)
  10 wights
  6 electric eels
  A bullfrog zombie (D:12)
  5 crimson imps
  A quasit (D:13)
  4 centaur zombies
  Crazy Yiuf (D:2)
  4 centaur skeletons
  21 orc priests
  3 bullfrog skeletons
  10 hounds
  2 iron imps (D:13)
  11 jellies
  3 gnoll shamans (D:10)
  Ijyb (D:5)
  2 iguanas
  Natasha (D:4)
  25 orc wizards
  21 worker ants
  4 yak simulacra (Lair:4)
  3 wolf simulacra (Lair:4)
  A hound zombie (D:5)
  3 mummies (Ossuary)
  20 gnolls
  A howler monkey skeleton (D:7)
  22 adders
  2 shadow imps
  A white imp (D:13)
  4 oozes
  An adder skeleton (D:6)
  An adder zombie (D:7)
  2 worms
  10 leopard geckos
  79 orcs
  3 giant cockroaches
  5 goblins
  4 hobgoblins
  7 jackals
  7 quokkas
  6 bats
  4 frilled lizards
  2 gnoll zombies (Ossuary)
  4 goblin zombies (Ossuary)
  4 hobgoblin zombies (Ossuary)
  24 kobolds
  3 kobold zombies (Ossuary)
  A quokka skeleton (D:4)
  10 rats
  3 river rat simulacra (Lair:4)
  A bush (D:13)
987 creatures vanquished.

Vanquished Creatures (others)
  3 emperor scorpions
  An entropy weaver (Spider:3)
  2 hydras
  An ice dragon (D:13)
  A catoblepas (Lair:6)
  A centaur warrior (Vaults:1)
  A queen ant (Spider:3)
  An obsidian statue (D:13)
  2 orc sorcerers (Orc:2)
  An orb spider (Spider:1)
  3 wolf spiders
  2 elephants
  A moth of wrath (Spider:3)
  2 vault sentinels (Vaults:1)
  A spiny frog (Lair:6)
  3 rime drakes
  A komodo dragon (Lair:6)
  A yaktaur (Vaults:1)
  A kobold demonologist (D:13)
  2 demonic crawlers (Spider:3)
  7 jumping spiders
  A wind drake (Lair:6)
  2 polar bears
  3 hornets
  A blink frog (Lair:6)
  2 slime creatures
  3 tarantellas
  7 redbacks
  A wraith (Ossuary)
  A wyvern (Lair:3)
  5 yaks
  A soldier ant (Spider:3)
  An orc warrior (Orc:2)
  A porcupine (Lair:5)
  A slave (D:8)
  An ogre (Orc:2)
  A crocodile (Lair:3)
  A big kobold (D:13)
  A scorpion (Spider:3)
  An electric eel (Lair:4)
  A quasit (D:12)
  An orc wizard (Orc:2)
  2 orc priests (Orc:1)
  A polar bear simulacrum (Lair:4)
  A worker ant (Spider:3)
  A leopard gecko (D:8)
  3 orcs
  2 bushes (D:13)
  15 fungi
  17 plants (Lair:6)
  6 starspawn tentacles (Abyss:2)
  5 toadstools (D:1)
128 creatures vanquished.

Grand Total: 1115 creatures vanquished

Notes
Turn   | Place    | Note
-------+----------+-------------------------------------------
     0 | Abyss:1  | thirtiethelement the Gnoll Abyssal Knight began the quest
                  | for the Orb.
     0 | Abyss:1  | Reached XP level 1. HP: 23/23 MP: 3/3
    96 | Abyss:2  | Noticed a raiju
   107 | Abyss:2  | Noticed a smoke demon
   130 | Abyss:2  | Noticed a tentacled starspawn
   142 | Abyss:2  | Noticed a starcursed mass
   154 | Abyss:2  | Noticed a starcursed mass
   156 | D:1      | Escaped the Abyss
   387 | D:1      | Reached XP level 2. HP: 29/29 MP: 5/5
   473 | D:1      | Reached * piety under Lugonu
   680 | D:1      | Reached XP level 3. HP: 35/35 MP: 6/6
  1485 | D:2      | Reached skill level 1 in Short Blades
  1485 | D:2      | Reached skill level 1 in Long Blades
  1485 | D:2      | Reached skill level 1 in Maces & Flails
  1485 | D:2      | Reached skill level 1 in Polearms
  1485 | D:2      | Reached skill level 1 in Staves
  1485 | D:2      | Reached skill level 1 in Slings
  1485 | D:2      | Reached skill level 1 in Bows
  1485 | D:2      | Reached skill level 1 in Crossbows
  1485 | D:2      | Reached skill level 1 in Throwing
  1485 | D:2      | Reached skill level 1 in Stealth
  1485 | D:2      | Reached skill level 1 in Shields
  1485 | D:2      | Reached skill level 1 in Unarmed Combat
  1485 | D:2      | Reached skill level 1 in Spellcasting
  1485 | D:2      | Reached skill level 1 in Evocations
  1490 | D:2      | Reached XP level 4. HP: 27/41 MP: 7/7
  1815 | D:2      | Reached ** piety under Lugonu
  1891 | D:2      | Noticed Sigmund
  1905 | D:2      | Killed Sigmund
  1905 | D:2      | Reached skill level 1 in Conjurations
  1905 | D:2      | Reached skill level 1 in Hexes
  1905 | D:2      | Reached skill level 1 in Charms
  1905 | D:2      | Reached skill level 1 in Summonings
  1905 | D:2      | Reached skill level 1 in Necromancy
  1905 | D:2      | Reached skill level 1 in Translocations
  1905 | D:2      | Reached skill level 1 in Transmutations
  1905 | D:2      | Reached skill level 1 in Fire Magic
  1905 | D:2      | Reached skill level 1 in Ice Magic
  1905 | D:2      | Reached skill level 1 in Air Magic
  1905 | D:2      | Reached skill level 1 in Earth Magic
  1905 | D:2      | Reached skill level 1 in Poison Magic
  1905 | D:2      | Reached XP level 5. HP: 40/47 MP: 8/8
  1913 | D:2      | Found a runed translucent door.
  1914 | D:2      | Noticed Crazy Yiuf
  1925 | D:2      | Killed Crazy Yiuf
  1925 | D:2      | Reached skill level 5 in Invocations
  1925 | D:2      | Reached XP level 6. HP: 34/53 MP: 9/9
  2385 | D:3      | Gained mutation: You are resistant to electric shocks.
                  | (rElec) [potion of mutation]
  2385 | D:3      | Gained mutation: You are partially covered in yellow
                  | scales. (AC +2) [potion of mutation]
  2385 | D:3      | Gained mutation: Your magical capacity is low. (-10% MP)
                  | [potion of mutation]
  2385 | D:3      | Gained mutation: You are mostly covered in yellow scales.
                  | (AC +3) [potion of mutation]
  2461 | D:3      | Found a runed translucent gate.
  2461 | D:3      | Found a runed translucent gate.
  2461 | D:3      | Found a runed translucent gate.
  2461 | D:3      | Noticed mordus's ghost (weakling DsFi)
  2461 | D:3      | Noticed Snicker's ghost (amateur SpEn)
  2473 | D:3      | Killed Snicker's ghost
  2473 | D:3      | Reached skill level 5 in Axes
  2473 | D:3      | Reached skill level 5 in Armour
  2483 | D:3      | Killed mordus's ghost
  2483 | D:3      | Reached XP level 7. HP: 17/59 MP: 9/9
  2779 | D:3      | Found a glowing silver altar of Zin.
  2853 | D:3      | Found a blossoming altar of Fedhas.
  3100 | D:4      | Got a spiked buckler
  3107 | D:4      | Identified the cursed +0 buckler "Vufivuega" {*Corrode rC+
                  | Slay+4} (You found it on level 4 of the Dungeon)
  3194 | D:4      | Reached *** piety under Lugonu
  3235 | D:4      | Found a sand-covered staircase.
  3243 | Ossuary  | Entered an ossuary
  3243 | Ossuary  | Noticed a wraith
  3243 | Ossuary  | Noticed a wraith
  3243 | Ossuary  | Noticed a wraith
  3347 | Ossuary  | Lost mutation: Your magical capacity is low. (-10% MP)
                  | [potion of mutation]
  3347 | Ossuary  | Lost mutation: You are mostly covered in yellow scales. (AC
                  | +3) [potion of mutation]
  3347 | Ossuary  | Gained mutation: Your body sometimes deteriorates upon
                  | taking damage. [potion of mutation]
  3347 | Ossuary  | Gained mutation: Scrolls take you a little longer to read.
                  | [potion of mutation]
  3347 | Ossuary  | Gained mutation: Your system is resistant to poisons.
                  | (rPois) [potion of mutation]
  3348 | Ossuary  | Lost mutation: Scrolls take you a little longer to read.
                  | [potion of mutation]
  3348 | Ossuary  | Lost mutation: Your system is resistant to poisons. (rPois)
                  | [potion of mutation]
  3348 | Ossuary  | Gained mutation: Your muscles are strong. (Str +2) [potion
                  | of mutation]
  3526 | Ossuary  | Noticed a wraith
  3536 | Ossuary  | Banished a wraith
  3891 | D:4      | Reached XP level 8. HP: 67/67 MP: 12/12
  3899 | D:4      | Found a shimmering altar of Xom.
  3974 | D:4      | Noticed Natasha
  3980 | D:4      | Killed Natasha
  4324 | D:4      | Got a polished chain mail
  4325 | D:4      | Identified the +6 chain mail of Tartarus {*Corrode *Slow
                  | rPois MP+9} (You found it on level 4 of the Dungeon)
  4329 | D:5      | Entered Level 5 of the Dungeon
  4329 | D:5      | Noticed Ijyb
  4336 | D:5      | Killed Ijyb
  4447 | D:5      | Lost mutation: Your body sometimes deteriorates upon taking
                  | damage. [potion of mutation]
  4447 | D:5      | Lost mutation: You are partially covered in yellow scales.
                  | (AC +2) [potion of mutation]
  4447 | D:5      | Gained mutation: You tend to lose your temper in combat.
                  | [potion of mutation]
  4447 | D:5      | Gained mutation: Your mind is acute. (Int +2) [potion of
                  | mutation]
  4448 | D:5      | Lost mutation: Your muscles are strong. (Str +2) [potion of
                  | mutation]
  4448 | D:5      | Lost mutation: You tend to lose your temper in combat.
                  | [potion of mutation]
  4448 | D:5      | Lost mutation: Your mind is acute. (Int +2) [potion of
                  | mutation]
  4448 | D:5      | Gained mutation: Your muscles are strong. (Str +2) [potion
                  | of mutation]
  4448 | D:5      | Gained mutation: Your spells are a little harder to cast,
                  | but a little more powerful. [potion of mutation]
  5374 | D:5      | Found a bloodstained altar of Trog.
  5749 | D:6      | Got a twisted dagger
  5750 | D:6      | Identified the +4 dagger "Oclinon" {drain, Int+4 Stlth+}
                  | (You found it on level 6 of the Dungeon)
  5811 | D:6      | Reached XP level 9. HP: 71/72 MP: 14/14
  6214 | D:6      | Noticed Edmund
  6222 | D:6      | Killed Edmund
  6822 | D:7      | Found a runed translucent gate.
  6822 | D:7      | Found a runed translucent gate.
  6822 | D:7      | Found a runed translucent gate.
  6827 | D:7      | Noticed dialectric's ghost (novice DsFi)
  7067 | D:6      | Reached skill level 5 in Dodging
  7134 | D:6      | Killed dialectric's ghost
  7555 | D:7      | Reached XP level 10. HP: 59/80 MP: 17/17
  7557 | D:7      | Reached **** piety under Lugonu
  7570 | D:7      | Reached skill level 5 in Short Blades
  7570 | D:7      | Reached skill level 5 in Long Blades
  7570 | D:7      | Reached skill level 5 in Maces & Flails
  7570 | D:7      | Reached skill level 5 in Polearms
  7570 | D:7      | Reached skill level 5 in Staves
  7570 | D:7      | Reached skill level 5 in Slings
  7570 | D:7      | Reached skill level 5 in Bows
  7570 | D:7      | Reached skill level 5 in Crossbows
  7570 | D:7      | Reached skill level 5 in Throwing
  7570 | D:7      | Reached skill level 5 in Stealth
  7570 | D:7      | Reached skill level 5 in Shields
  7570 | D:7      | Reached skill level 5 in Unarmed Combat
  7570 | D:7      | Reached skill level 5 in Spellcasting
  7570 | D:7      | Reached skill level 5 in Evocations
  8192 | D:7      | Found an opulent altar of Gozag.
  8192 | D:7      | Found a basalt altar of Yredelemnul.
  8197 | D:7      | Found a sparkling altar of Nemelex Xobeh.
  8199 | D:7      | Found a shattered altar of Ashenzari.
  8200 | D:7      | Found a bloodstained altar of Trog.
  8269 | D:7      | Found a staircase to the Ecumenical Temple.
  8318 | Temple   | Entered the Ecumenical Temple
  8615 | D:7      | Found a shimmering blue altar of Sif Muna.
  8930 | D:8      | Noticed Pikel
  8941 | D:8      | Killed Pikel
  9151 | D:8      | Identified a scroll of acquirement
  9158 | D:8      | Identified a +0 pair of boots of running (You acquired it
                  | on level 8 of the Dungeon)
  9405 | D:8      | Learned a level 2 spell: Corpse Rot
  9445 | D:8      | Found a basalt altar of Yredelemnul.
  9683 | D:8      | Got a steaming scale mail
  9684 | D:8      | Identified the cursed +1 scale mail "Bynuclih" {Int+4} (You
                  | found it on level 8 of the Dungeon)
  9931 | D:9      | Reached XP level 11. HP: 83/87 MP: 19/19
 10066 | D:9      | Reached ***** piety under Lugonu
 10514 | D:9      | Found Ohyec's Jewellery Shoppe.
 10779 | D:9      | Found a glowing golden altar of the Shining One.
 11040 | D:10     | Entered Level 10 of the Dungeon
 11087 | D:10     | Reached skill level 5 in Conjurations
 11087 | D:10     | Reached skill level 5 in Hexes
 11087 | D:10     | Reached skill level 5 in Charms
 11087 | D:10     | Reached skill level 5 in Summonings
 11087 | D:10     | Reached skill level 5 in Necromancy
 11087 | D:10     | Reached skill level 5 in Translocations
 11087 | D:10     | Reached skill level 5 in Transmutations
 11087 | D:10     | Reached skill level 5 in Fire Magic
 11087 | D:10     | Reached skill level 5 in Ice Magic
 11087 | D:10     | Reached skill level 5 in Air Magic
 11087 | D:10     | Reached skill level 5 in Earth Magic
 11087 | D:10     | Reached skill level 5 in Poison Magic
 11209 | D:10     | Found a staircase to the Lair.
 11455 | D:10     | Found a shattered altar of Ashenzari.
 11596 | D:10     | Noticed Urug
 11613 | D:10     | Killed Urug
 12315 | D:11     | Noticed a purple ugly thing
 12316 | D:11     | Noticed a six-headed hydra
 12328 | D:11     | Killed a purple ugly thing
 12333 | D:11     | Killed a six-headed hydra
 12839 | D:11     | Noticed a four-headed hydra
 12844 | D:11     | Killed a four-headed hydra
 12966 | D:12     | Noticed a six-headed hydra
 12969 | D:12     | Killed a six-headed hydra
 12969 | D:12     | Reached XP level 12. HP: 96/96 MP: 22/22
 13445 | D:12     | Noticed Nessos
 13469 | D:12     | Killed Nessos
 13724 | D:12     | Found a staircase to the Orcish Mines.
 14033 | D:12     | Reached ****** piety under Lugonu
 14747 | D:13     | Found a gate to the Vaults.
 14794 | D:13     | Noticed a death knight
 14801 | D:13     | Reached skill level 10 in Fighting
 15116 | D:13     | Killed a death knight
 15399 | D:13     | Identified a +9 great sword of distortion (a +8 great sword
                  | of freezing corrupted by Lugonu)
 15399 | D:13     | Received a gift from Lugonu
 15437 | D:13     | Reached XP level 13. HP: 75/103 MP: 24/24
 15748 | D:13     | Identified the +11 hand crossbow of Dishonour {elec, MR+
                  | Str+6}
 16058 | D:13     | Noticed an ice dragon
 16058 | D:13     | a six-headed hydra changed into an ice dragon
 16061 | D:13     | Banished an ice dragon
 16788 | Orc:1    | Entered Level 1 of the Orcish Mines
 16900 | Orc:1    | Reached skill level 10 in Invocations
 17102 | Orc:1    | Found Wuutety's Magic Scroll Shop.
 17122 | Orc:1    | Bought a scroll of enchant armour for 82 gold pieces
 17122 | Orc:1    | Bought a scroll of identify for 22 gold pieces
 17122 | Orc:1    | Bought a scroll of acquirement for 572 gold pieces
 17122 | Orc:1    | Bought a scroll of enchant weapon for 82 gold pieces
 17122 | Orc:1    | Bought a scroll of enchant armour for 82 gold pieces
 17295 | Orc:1    | Got the +14 plate armour of the Grue {rPois Int+7 Dex-2
                  | Stlth+}
 17325 | Orc:2    | Entered Level 2 of the Orcish Mines
 17602 | Orc:2    | Found a staircase to the Elven Halls.
 17621 | Orc:2    | Found a bloodstained altar of Trog.
 18056 | Orc:2    | Paralysed by an orc sorcerer for 7 turns
 18548 | Orc:2    | Found Gaus's Weapon Shop.
 18548 | Orc:2    | Found Oduggomo's General Store.
 18549 | Orc:2    | Found Oclicu's Gadget Shoppe.
 18549 | Orc:2    | Found Terurghet's Weapon Shoppe.
 19443 | Lair:1   | Entered Level 1 of the Lair of Beasts
 19795 | Lair:1   | Reached XP level 14. HP: 96/111 MP: 26/26
 20129 | Lair:1   | Found a runed translucent gate.
 20232 | Lair:1   | Found a runed translucent gate.
 20232 | Lair:1   | Found a runed translucent gate.
 20483 | Lair:1   | Found a viscous altar of Jiyva.
 20483 | Lair:1   | Noticed HilariousDeathArtist's ghost (novice DrVM)
 20498 | Lair:1   | Killed HilariousDeathArtist's ghost
 20859 | Lair:2   | Reached skill level 10 in Axes
 20859 | Lair:2   | Reached skill level 10 in Armour
 21112 | Lair:2   | Found a runed translucent door.
 21112 | Lair:2   | Noticed Agrom's ghost (journeyman DgCj)
 21120 | Lair:2   | Killed Agrom's ghost
 21898 | Lair:3   | Found a runed translucent door.
 21898 | Lair:3   | Noticed Midn8's ghost (journeyman TrMo)
 21917 | Lair:3   | Killed Midn8's ghost
 23095 | Lair:4   | Found a hole to the Spider Nest.
 23849 | Lair:4   | Found a staircase to the Shoals.
 24149 | Lair:5   | Learned a level 3 spell: Stone Arrow
 24254 | Lair:5   | Found a staircase to the Slime Pits.
 24358 | Lair:5   | Found a white marble altar of Elyvilon.
 24654 | Lair:6   | Entered Level 6 of the Lair of Beasts
 25199 | Lair:6   | Learned a level 1 spell: Corona
 25428 | Lair:6   | Reached XP level 15. HP: 117/119 MP: 28/28
 25475 | Lair:6   | Reached skill level 10 in Dodging
 27134 | Spider:1 | Entered Level 1 of the Spider Nest
 27612 | Spider:1 | Reached skill level 10 in Short Blades
 27612 | Spider:1 | Reached skill level 10 in Long Blades
 27612 | Spider:1 | Reached skill level 10 in Maces & Flails
 27612 | Spider:1 | Reached skill level 10 in Polearms
 27612 | Spider:1 | Reached skill level 10 in Staves
 27612 | Spider:1 | Reached skill level 10 in Slings
 27612 | Spider:1 | Reached skill level 10 in Bows
 27612 | Spider:1 | Reached skill level 10 in Crossbows
 27612 | Spider:1 | Reached skill level 10 in Throwing
 27612 | Spider:1 | Reached skill level 10 in Stealth
 27612 | Spider:1 | Reached skill level 10 in Shields
 27612 | Spider:1 | Reached skill level 10 in Unarmed Combat
 27612 | Spider:1 | Reached skill level 10 in Spellcasting
 27612 | Spider:1 | Reached skill level 10 in Evocations
 27628 | Spider:1 | Got a steaming jade ring
 27630 | Spider:1 | Identified the ring "Inouh" {Fire Str+3} (You found it on
                  | level 1 of the Spider Nest)
 27683 | Spider:1 | Found a roughly hewn altar of Beogh.
 28386 | Spider:1 | Noticed Roxanne
 28397 | Spider:1 | Banished Roxanne
 28654 | Spider:2 | Identified the +1 robe "Put-Me-On" {rElec Int+3 Stlth-}
                  | (You found it on level 2 of the Spider Nest)
 28666 | Spider:2 | Noticed an emperor scorpion
 28683 | Spider:2 | Banished an emperor scorpion
 29358 | Spider:2 | Reached XP level 16. HP: 68/127 MP: 30/30
 31923 | Spider:3 | Noticed Arachne
 31968 | Spider:3 | Banished Arachne
 32465 | Spider:3 | Noticed Asterion
 32470 | Spider:3 | Banished Asterion
 32695 | Spider:4 | Entered Level 4 of the Spider Nest
 33683 | Spider:4 | Reached XP level 17. HP: 124/135 MP: 32/32
 33733 | Spider:4 | Identified the +4 tower shield "Yvuusmad" {+Inv rPois Str+4
                  | Int-4}
 33733 | Spider:4 | Noticed Louise
 33770 | Spider:4 | Killed Louise
 35606 | Spider:4 | Got a gossamer rune of Zot
 35985 | Vaults:1 | Entered Level 1 of the Vaults
 37727 | Vaults:1 | Reached skill level 10 in Conjurations
 37727 | Vaults:1 | Reached skill level 10 in Hexes
 37727 | Vaults:1 | Reached skill level 10 in Charms
 37727 | Vaults:1 | Reached skill level 10 in Summonings
 37727 | Vaults:1 | Reached skill level 10 in Necromancy
 37727 | Vaults:1 | Reached skill level 10 in Translocations
 37727 | Vaults:1 | Reached skill level 10 in Transmutations
 37727 | Vaults:1 | Reached skill level 10 in Fire Magic
 37727 | Vaults:1 | Reached skill level 10 in Ice Magic
 37727 | Vaults:1 | Reached skill level 10 in Air Magic
 37727 | Vaults:1 | Reached skill level 10 in Earth Magic
 37727 | Vaults:1 | Reached skill level 10 in Poison Magic
 37792 | Vaults:1 | Paralysed by an ogre mage for 6 turns
 37799 | Vaults:1 | HP: 4/136 [vault warden/+3 war axe (19)]
 37800 | Vaults:1 | Reached XP level 18. HP: 4/143 MP: 33/33
 37800 | Vaults:1 | Annihilated by a vault warden

Illustrated notes

Levels and vault maps discovered:
D:1:      ldierk_walled_garden, layout_basic
D:2:      layout_loops_ring, st_stairs_8, minmay_tetromino_t2,
          uniq_crazy_yiuf_cottage, uniq_sigmund
D:3:      layout_loops_cross, zin_academy, gammafunk_ghost_cemetery,
          st_stairs_14, fedhas_altar_2
D:4:      layout_basic, kennysheep_mini_moat, nicolae_ossuary_entry_monument,
          first_ration, uniq_natasha
D:5:      layout_basic, trog_three_pillars_becter, uniq_ijyb
D:6:      layout_basic, uniq_edmund
D:7:      layout_loops_cross, nicolae_overflow_crystal_walls,
          chequers_temple_overflow_minitemple,
          minmay_temple_entry_gardened_gates, gammafunk_ghost_split,
          grunt_livestock
D:8:      minmay_clustersquares, layout_loops_ring, basic_altar, uniq_pikel
D:9:      layout_loops_cross, basic_altar, serial_shops, shop_fountains,
          hangedman_abyss_or_decor_passed, minmay_fractal_squares_5
D:10:     layout_cave_pools, lair_entry_dummy, serial_gnoll_camp,
          gnoll_camp_mini_hut, gnoll_camp_mini_house, gnoll_camp_mini_house,
          gnoll_camp_mini_house, evilmike_ruin_ashenzari, uniq_urug
D:11:     layout_roguey, roderic_cross_of_infinity
D:12:     layout_irregular_city, minmay_orc_entry_guard_dogs, kennysheep_dice,
          uniq_nessos
D:13:     kennysheep_kobold_grotto, layout_long_grid, erik_vaults_1
Temple:   minmay_temple_curvy_branch
Lair:1:   layout_chaotic_city, gammafunk_ghost_ooze, beast_lair_carwin_4,
          serial_bayou_shore_a, lemuel_fruit_fields
Lair:2:   layout_cave_pods, gammafunk_ghost_grave, chequers_serial_rivers_marsh,
          cheibrodos_lair_reptile_den, grunt_megastairs_4
Lair:3:   layout_loops_ring, gammafunk_ghost_grave, serial_bayou_shore_b
Lair:4:   layout_gridlike, minmay_shoals_entry_hut, spider_nest_entry_web_field,
          st_stairs_8, eino_house_with_fridge
Lair:5:   layout_regular_city, minmay_slime_entry_pillars, basic_altar
Lair:6:   gammafunk_lair_ancient_temple, layout_regular_city
Spider:1: nicolae_spider_mines_2, uniq_roxanne
Spider:2: layout_spider_delve
Spider:3: nicolae_spider_corner, zaba_antful_of_joy, uniq_arachne, uniq_asterion
Spider:4: grunt_spider_rune_parallel, uniq_louise
Orc:1:    layout_caves, serial_shops, shop_scrolls
Orc:2:    st_orc_elflike, layout_caves, bloody_trog
Vaults:1: hangedman_vaults_stream, st_greater_box_3,
          nicolae_vaults_twisting_passages, serial_ice_b,
          vaults_mumra_minichess_inversion, vaults_dpeg_diagonal, v_misc_28,
          nicolae_vaults_mini_display_case, v_alt_pattern_2,
          layout_vaults_omnigrid

Skill      XL: |  1  2  3  4  5  6  7  8  9 10 11 12 13 14 15 16 17 |
---------------+----------------------------------------------------+-----
Short Blades   | 1 2 3 4 5 6 7 8 9 10 11 | 11.7
Long Blades    | 1 2 3 4 5 6 7 8 9 10 11 | 11.7
Maces & Flails | 1 2 3 4 5 6 7 8 9 10 11 | 11.7
Polearms       | 1 2 3 4 5 6 7 8 9 10 11 | 11.7
Staves         | 1 2 3 4 5 6 7 8 9 10 11 | 11.7
Slings         | 1 2 3 4 5 6 7 8 9 10 11 | 11.7
Bows           | 1 2 3 4 5 6 7 8 9 10 11 | 11.7
Crossbows      | 1 2 3 4 5 6 7 8 9 10 11 | 11.7
Throwing       | 1 2 3 4 5 6 7 8 9 10 11 | 11.7
Stealth        | 1 2 3 4 5 6 7 8 9 10 11 | 11.7
Shields        | 1 2 3 4 5 6 7 8 9 10 11 | 11.7
Unarmed Combat | 1 2 3 4 5 6 7 8 9 10 11 | 11.7
Spellcasting   | 1 2 3 4 5 6 7 8 9 10 11 | 11.7
Evocations     | 1 2 3 4 5 6 7 8 9 10 11 | 11.7
Dodging        | 3 4 5 6 7 8 9 10 11 | 11.9
Conjurations   | 1 2 3 4 5 6 7 8 9 10 | 10.0
Hexes          | 1 2 3 4 5 6 7 8 9 10 | 10.0
Charms         | 1 2 3 4 5 6 7 8 9 10 | 10.0
Summonings     | 1 2 3 4 5 6 7 8 9 10 | 10.0
Necromancy     | 1 2 3 4 5 6 7 8 9 10 | 10.0
Translocations | 1 2 3 4 5 6 7 8 9 10 | 10.0
Transmutations | 1 2 3 4 5 6 7 8 9 10 | 10.0
Fire Magic     | 1 2 3 4 5 6 7 8 9 10 | 10.0
Ice Magic      | 1 2 3 4 5 6 7 8 9 10 | 10.0
Air Magic      | 1 2 3 4 5 6 7 8 9 10 | 10.0
Earth Magic    | 1 2 3 4 5 6 7 8 9 10 | 10.0
Poison Magic   | 1 2 3 4 5 6 7 8 9 10 | 10.0
Invocations    | 5 6 7 8 9 10 11 12 13 | 13.3
Axes           | 5 6 7 8 9 10 11 12 | 12.4
Armour         | 5 6 7 8 9 10 11 12 | 12.4
Fighting       | 7 8 9 10 11 12 13 | 13.1

Action                   |  1- 3 |  4- 6 |  7- 9 | 10-12 | 13-15 | 16-18 || total
-------------------------+-------+-------+-------+-------+-------+-------++-------
Melee: Hand axe          |   109 |    23 |    59 |       |       |       ||   191
       Bite              |     8 |    13 |    37 |    65 |   135 |    78 ||   336
       Unarmed           |       |     9 |       |       |       |       ||     9
       Punch             |       |     1 |       |       |       |       ||     1
       Quarterstaff      |       |    43 |   127 |       |       |       ||   170
       Dagger            |       |       |   170 |    76 |       |       ||   246
       Great sword       |       |       |       |   410 |  1011 |   584 ||  2005
       War axe           |       |       |       |     2 |       |       ||     2
Throw: Boomerang         |       |       |       |       |    81 |   398 ||   479
 Cast: Corona            |       |       |       |       |       |     4 ||     4
Invok: Depart the Abyss  |     1 |       |       |       |       |       ||     1
       Brand Weapon With |       |       |       |     1 |       |       ||     1
Evoke: Wand              |       |       |       |    23 |    14 |    21 ||    58
       Tin of tremorston |       |       |       |       |       |     6 ||     6
       Box of beasts     |       |       |       |       |       |     1 ||     1
       Phial of floods   |       |       |       |       |       |     1 ||     1
  Use: Scroll            |     1 |     5 |    12 |    14 |    24 |     9 ||    65
       Potion            |     1 |     1 |     4 |     2 |     4 |     3 ||    15
 Stab: Sleeping          |     3 |     1 |     7 |    13 |     1 |       ||    25
       Confused          |       |     2 |       |       |       |       ||     2
       Paralysed         |       |       |     2 |       |       |     4 ||     6
       Distracted        |       |       |     1 |     4 |       |       ||     5
       Petrified         |       |       |       |       |     2 |       ||     2
  Eat: Chunk             |     2 |     3 |    13 |    13 |    23 |       ||    54
       Ration            |       |       |     2 |     5 |     6 |     8 ||    21
Armor: Leather armour    |    29 |    21 |    43 |       |       |       ||    93
       Ring mail         |       |       |    51 |   150 |    96 |       ||   297
       Scale mail        |       |       |       |    59 |       |       ||    59
       Plate armour      |       |       |       |       |   928 |   847 ||  1775
Dodge: Dodged            |    52 |    23 |   177 |   316 |   860 |   531 ||  1959
Block: Other             |    19 |     7 |    31 |    97 |   303 |   236 ||   693
       Buckler           |       |       |    95 |    17 |       |       ||   112
       Reflection        |       |       |     2 |     6 |     9 |     8 ||    25
       Rpst.: Great sword |       |       |       |    77 |   217 |   126 ||   420

Table legend:
 A = Non-vault XP
 B = Vault XP
 C = Vault XP percentage of total XP
 D = Non-vault monster count
 E = Vault monster count
 F = Vault count percentage of total count
                 A         B        C        D         E       F
            +---------+---------+-------+---------+---------+-------
      Total |  140097 |  103744 |  42.5 |     726 |     344 |  32.1
            +---------+---------+-------+---------+---------+-------
        D:1 |      47 |       0 |   0.0 |      25 |       0 |   0.0
        D:2 |      40 |     278 |  87.4 |      13 |       5 |  27.8
        D:3 |      81 |     198 |  71.0 |      19 |       3 |  13.6
        D:4 |     396 |      35 |   8.1 |      16 |       1 |   5.9
        D:5 |     505 |      36 |   6.7 |      14 |       1 |   6.7
        D:6 |     909 |     967 |  51.5 |      14 |       6 |  30.0
        D:7 |    1283 |    1311 |  50.5 |      34 |       8 |  19.0
        D:8 |    1534 |    1108 |  41.9 |      28 |       6 |  17.6
        D:9 |    1507 |     443 |  22.7 |      24 |       5 |  17.2
       D:10 |    1012 |    1277 |  55.8 |      22 |      14 |  38.9
       D:11 |    4796 |       0 |   0.0 |      29 |       0 |   0.0
       D:12 |    6872 |    2041 |  22.9 |      37 |       6 |  14.0
       D:13 |    7241 |    3867 |  34.8 |      30 |      28 |  48.3
     Lair:1 |    3838 |    2560 |  40.0 |      18 |      12 |  40.0
     Lair:2 |    3727 |    2533 |  40.5 |      22 |      10 |  31.2
     Lair:3 |    2208 |    1215 |  35.5 |      11 |       1 |   8.3
     Lair:4 |    6776 |    1064 |  13.6 |      24 |      13 |  35.1
     Lair:5 |    6648 |     386 |   5.5 |      22 |       4 |  15.4
     Lair:6 |   12895 |    9916 |  43.5 |      46 |      28 |  37.8
   Spider:1 |    8913 |    3147 |  26.1 |      29 |       7 |  19.4
   Spider:2 |   17326 |     878 |   4.8 |      47 |       2 |   4.1
   Spider:3 |   14755 |   26663 |  64.4 |      43 |      76 |  63.9
   Spider:4 |   10726 |   23118 |  68.3 |      36 |      50 |  58.1
      Orc:1 |    2463 |     607 |  19.8 |      33 |       1 |   2.9
      Orc:2 |    2984 |    7363 |  71.2 |      47 |      24 |  33.8
   Vaults:1 |   20615 |   12483 |  37.7 |      43 |      17 |  28.3
    Ossuary |       0 |     250 | 100.0 |       0 |      16 | 100.0
            +---------+---------+-------+---------+---------+-------
